Map: Catalyst LE

Players

stillnewguys - Winner!

  • Race: Terran Terran
  • League: Platinum
  • Spawn Location: 5:00

BugSis

  • Race: Terran Terran
  • League: Platinum
  • Spawn Location: 11:00

VOD

Have the link to the VOD?

Description

Time

  • Played on: Jan. 5, 2018, 8:34 a.m.
  • Length: 16:19
Show
View Real Time Build Order
Export as new Build Order

stillnewguys Terran - Winner!

Build Orders: MMM Bio 

Get SALT Encoding   

  12  0:00  SCV  
  13  0:13  SCV  
  14  0:17  Supply Depot  
  14  0:25  SCV  
  14  0:28  Refinery  
  15  0:41  Barracks  
  15  0:45  SCV  
  16  1:01  SCV  
  17  1:13  SCV  
  17  1:16  Barracks  
  18  1:25  SCV  
  19  1:30  Barracks Reactor  
  19  1:37  SCV  
  20  1:49  SCV  
  21  2:02  Command Center  
  21  2:07  Marine x2  
  22  2:17  Orbital Command  
  22  2:24  Barracks Tech Lab  
  22  2:34  Marine  
  23  2:38  Marine  
  23  2:49  Stimpack  
  23  2:51  Refinery, Factory  
  23  3:12  Supply Depot  
  22  3:13  Supply Depot  
  22  3:22  SCV  
  23  3:33  Marauder  
  25  3:34  SCV  
  25  3:39  Supply Depot  
  26  3:47  SCV  
  27  3:54  Starport  
  27  3:55  Factory Reactor  
  27  3:59  SCV  
  28  4:11  Engineering Bay, SCV  
  29  4:21  SCV  
  29  4:23  SCV  
  29  4:24  Marine x2  
  33  4:33  SCV  
  34  4:42  Engineering Bay, Terran Infantry Weapons Level 1  
  34  4:45  SCV  
  34  4:46  Marine x2  
  34  4:47  Medivac  
  39  4:54  Combat Shields  
  39  5:03  Orbital Command  
  39  5:05  SCV  
  40  5:11  Marine  
  40  5:12  Marine x2  
  43  5:17  SCV  
  43  5:35  Terran Infantry Armor Level 1  
  43  5:36  Barracks  
  43  5:37  Barracks  
  39  5:48  Medivac  
  41  5:53  SCV  
  42  6:21  Marine  
  42  6:22  Marine, Marauder  
  42  6:23  Missile Turret x2  
  42  6:25  Missile Turret  
  46  6:30  Marine  
  46  6:31  Marine  
  48  6:37  SCV  
  48  6:39  SCV, Marine x2  
  50  6:44  Marauder  
  54  6:48  Marine  
  54  6:49  SCV  
  54  6:50  Barracks Reactor  
  56  7:00  Armory  
  56  7:02  SCV  
  56  7:05  SCV  
  56  7:17  SCV  
  50  7:25  Marine x4  
  50  7:26  Marine, Marauder  
  58  7:30  SCV  
  58  7:43  Marine x4  
  55  7:47  Marauder  
  55  7:49  SCV  
  58  7:54  Barracks Reactor  
  57  7:59  Terran Infantry Weapons Level 2  
  57  8:01  SCV, Marine x3  
  57  8:04  Refinery  
  60  8:05  Refinery  
  60  8:09  Marauder  
  62  8:19  Supply Depot x2  
  62  8:27  Barracks  
  62  8:30  Terran Infantry Armor Level 2  
  62  8:40  SCV, Marauder  
  65  8:52  SCV  
  65  8:55  Command Center  
  66  9:01  Factory Reactor  
  66  9:02  Marauder  
  68  9:04  SCV  
  68  9:09  SCV  
  70  9:16  SCV  
  71  9:17  Barracks Reactor  
  71  9:19  Marine x6  
  71  9:21  SCV  
  78  9:25  Supply Depot  
  78  9:32  Supply Depot  
  78  9:46  SCV x2, Marine x6  
  86  9:53  Medivac, Widow Mine x2, Marine  
  86  9:58  SCV  
  94  10:06  Supply Depot  
  94  10:07  Medivac, SCV, Supply Depot  
  97  10:15  Widow Mine x2  
  97  10:19  SCV  
  102  10:23  Medivac  
  104  10:35  Command Center  
  104  10:36  Medivac, Widow Mine x2  
  110  10:46  Terran Infantry Weapons Level 3  
  110  10:47  Terran Infantry Armor Level 3  
  110  10:55  Marine x3  
  110  10:56  Marauder  
  115  11:10  Barracks x2  
  115  11:17  Marauder  
  117  11:37  Marine x3  
  117  11:38  Marine  
  117  11:39  Marauder  
  123  11:41  Marine x2  
  123  11:44  Orbital Command  
  123  11:46  Marine  
  114  12:00  Marauder  
  103  12:06  Marine x6  
  103  12:07  Marine  
  103  12:08  Widow Mine x2  
  107  12:18  Marine x3  
  107  12:21  Marauder  
  104  12:24  Marine x2  
  104  12:27  Medivac x2  
  104  12:29  Widow Mine x2  
  115  12:30  SCV  
  115  12:42  SCV  
  115  12:43  Marauder  
  118  12:51  Widow Mine  
  120  12:53  Starport  
  120  12:54  SCV  
  120  12:56  Barracks Reactor x2  
  121  13:03  SCV  
  121  13:04  Marauder  
  124  13:06  SCV  
  124  13:07  Marine x3  
  124  13:08  Marine x4  
  132  13:15  SCV  
  132  13:18  SCV  
  134  13:26  Marauder  
  136  13:27  SCV  
  136  13:30  Widow Mine, SCV  
  136  13:31  Widow Mine  
  142  13:39  SCV  
  143  13:42  SCV  
  143  13:47  Marauder  
  138  13:51  SCV  
  138  13:52  Widow Mine x2  
  135  13:59  Marine x4  
  135  14:00  Marine x4  
  127  14:08  Marauder  
  127  14:12  Marine x4  
  127  14:13  Widow Mine x2  
  120  14:17  Marine x6  
  120  14:18  Marine x2  
  108  14:30  Marine x4, Marauder  
  99  14:35  Marine x7  
  99  14:36  Marine  
  107  14:39  SCV  
  100  14:47  Marine  
  100  14:48  Marine x3  
  100  14:51  SCV, Marauder  
  105  14:52  Marine  
  105  14:53  Marine x6  
  112  15:03  SCV  
  113  15:11  Marine x2  
  113  15:12  Marine x9, Marauder  
  113  15:13  Marine  
  127  15:21  Refinery  
  127  15:23  Refinery  
  127  15:26  Starport Reactor  
  127  15:29  Marine x3  
  127  15:30  Marine  
  127  15:34  Marauder  
  133  15:45  Supply Depot x3  
  133  15:47  Supply Depot  
  133  15:53  Marine x3  
  133  15:54  Marine  
  133  15:55  Marauder  
Show
View Real Time Build Order
Export as new Build Order

BugSis Terran 

Build Orders: Reaper Expand, Bio Tank 

Get SALT Encoding   

  12  0:01  SCV  
  13  0:13  SCV  
  14  0:18  Supply Depot  
  14  0:25  SCV  
  15  0:40  SCV  
  16  0:42  Barracks  
  16  0:47  Refinery  
  16  0:52  SCV  
  17  1:04  SCV  
  18  1:16  SCV  
  19  1:30  Orbital Command  
  19  1:31  Reaper  
  20  1:51  Command Center  
  20  1:59  SCV, Supply Depot  
  21  2:03  Marine  
  22  2:11  Factory  
  22  2:12  SCV  
  23  2:21  Marine  
  24  2:24  SCV  
  25  2:36  SCV  
  26  2:39  Marine  
  27  2:48  SCV, Barracks  
  27  2:50  Refinery  
  28  2:57  Marine, Factory Tech Lab  
  29  3:00  SCV  
  30  3:07  Orbital Command  
  30  3:12  SCV  
  31  3:15  Marine  
  31  3:21  Siege Tank  
  31  3:26  SCV  
  35  3:32  Marine  
  36  3:34  SCV  
  36  3:35  Supply Depot  
  36  3:36  Barracks Tech Lab  
  36  3:37  Starport  
  38  3:41  SCV  
  38  3:48  Engineering Bay  
  38  3:51  SCV  
  38  3:52  Marine  
  38  3:53  SCV  
  38  3:55  Stimpack  
  41  4:01  Marine  
  42  4:03  SCV  
  42  4:06  Refinery  
  42  4:08  SCV  
  44  4:13  Medivac  
  44  4:14  Marine  
  47  4:20  Supply Depot  
  47  4:21  Marine  
  47  4:22  SCV x2  
  50  4:27  Terran Infantry Weapons Level 1  
  50  4:33  Marine  
  50  4:34  SCV  
  50  4:36  SCV  
  50  4:37  Barracks  
  53  4:41  Marine, Supply Depot  
  54  4:49  SCV x2  
  56  4:56  Barracks Reactor  
  56  5:01  Marine  
  56  5:03  Siege Tank  
  56  5:04  SCV x2  
  56  5:06  Supply Depot  
  62  5:13  Supply Depot  
  62  5:16  SCV x2  
  64  5:22  Marine  
  64  5:23  Medivac  
  64  5:28  SCV  
  68  5:30  SCV  
  69  5:40  SCV  
  70  5:45  Marine x3  
  70  5:49  Siege Tank  
  76  5:50  SCV  
  76  5:56  Command Center, Refinery  
  77  5:58  Combat Shields  
  77  6:01  Marine  
  77  6:02  Medivac, Armory  
  77  6:03  Marine x2  
  82  6:04  Engineering Bay  
  82  6:06  Barracks  
  82  6:14  Missile Turret  
  82  6:16  Missile Turret  
  82  6:17  Marine  
  83  6:22  SCV x2  
  85  6:27  Terran Infantry Armor Level 1  
  85  6:37  Missile Turret  
  85  6:43  Marine, Barracks Reactor  
  85  6:45  Starport Reactor  
  86  6:50  Supply Depot x2  
  86  6:52  Supply Depot  
  86  6:54  Supply Depot x2  
  86  6:56  Terran Infantry Weapons Level 2, Supply Depot  
  86  7:08  SCV x2, Marine, Siege Tank  
  92  7:10  Planetary Fortress  
  92  7:20  SCV x2, Marine x4  
  85  7:26  Marine  
  85  7:29  Marine  
  82  7:38  SCV, Marine x2  
  82  7:39  SCV  
  82  7:43  Missile Turret, Siege Tank  
  85  7:46  Marine  
  85  7:50  SCV  
  87  7:52  SCV x2  
  87  7:55  Medivac x2  
  93  8:03  SCV, Missile Turret  
  93  8:04  Marine  
  95  8:07  Barracks  
  95  8:08  Refinery, Marine  
  95  8:11  Refinery, Barracks Reactor  
  96  8:21  Marine x2  
  96  8:22  Siege Tank  
  96  8:23  SCV x2  
  96  8:25  Missile Turret  
  103  8:28  Medivac  
  103  8:29  SCV  
  106  8:35  SCV  
  107  8:45  Missile Turret  
  107  8:46  Missile Turret  
  107  8:47  Marine x4  
  107  8:48  Barracks Reactor  
  111  8:51  Terran Infantry Armor Level 2  
  111  8:54  SCV  
  112  9:03  Marine x2  
  112  9:04  Marine  
  112  9:06  Missile Turret  
  112  9:07  Medivac  
  117  9:14  Terran Infantry Weapons Level 3  
  117  9:27  Barracks Reactor  
  117  9:38  Terran Vehicle Weapons Level 1  
  117  9:39  Command Center  
  117  9:40  Viking x2, Sensor Tower  
  117  9:44  Fusion Core, Marine x2  
  117  9:45  Marine x3  
  126  9:56  Marine x2  
  126  9:57  Siege Tank  
  126  9:58  SCV x3  
  134  10:05  Marine x3  
  134  10:06  Marine x3  
  140  10:10  SCV  
  140  10:14  SCV x2  
  143  10:20  Marine x3  
  146  10:22  Medivac, SCV  
  149  10:30  Supply Depot x2  
  149  10:33  Weapon Refit  
  149  10:50  SCV, Marine  
  149  10:53  Siege Tank  
  149  10:54  Orbital Command  
  154  11:04  Missile Turret  
  154  11:07  Starport  
  154  11:15  Missile Turret  
  154  11:17  SCV, Terran Infantry Armor Level 3  
  154  11:18  SCV x2  
  157  11:25  Missile Turret  
  157  11:34  Missile Turret  
  157  11:35  Missile Turret  
  157  11:38  Concussive Shells  
  157  11:39  Marine x6  
  163  11:45  Supply Depot x2  
  161  11:48  Refinery  
  161  11:51  Refinery  
  136  11:55  Missile Turret  
  136  11:58  SCV  
  136  11:59  SCV x3  
  135  12:08  Marine x6  
  134  12:09  Marine x3  
  134  12:10  Siege Tank  
  134  12:11  Medivac, Starport Tech Lab  
  137  12:25  SCV x4  
  137  12:26  Marine x2  
  143  12:37  SCV x4  
  143  12:43  Command Center  
  147  12:45  Command Center  
  147  12:49  SCV  
  148  12:57  Battlecruiser  
  148  12:58  SCV x3  
  157  13:01  SCV  
  158  13:07  Terran Vehicle Weapons Level 2  
  158  13:10  SCV x3  
  162  13:20  SCV  
  162  13:21  Marine x6  
  162  13:22  SCV x2, Marine x3  
  162  13:23  SCV, Siege Tank  
  177  13:29  Medivac x2  
  177  13:32  SCV  
  182  13:34  SCV x2  
  182  13:39  Marine x2  
  160  14:01  Marine x5, Raven  
  160  14:02  Marine x4  
  154  14:03  Medivac, Siege Tank  
  154  14:04  Medivac  
  151  14:19  Marine  
  105  14:33  Marine x7  
  105  14:34  Marine  
  105  14:35  Medivac x2  
  105  14:36  Marine  
  118  14:46  Siege Tank  
  118  14:47  Medivac  
  118  14:49  Orbital Command x2  
  118  14:50  Marine  
  118  14:51  Marine x2  
  126  14:56  Marine x4  
  127  15:09  Medivac x2  
  127  15:12  Marine x3  
  127  15:13  Marine  
  129  15:24  Siege Tank, Marine x5  
  129  15:27  SCV x2  
  145  15:30  Marine x2  
  145  15:34  Command Center  
  147  15:41  SCV x5  
  152  15:43  Refinery  
  152  15:45  Refinery  
  132  15:58  Marine  
  132  15:59  Marine x8  
Tags
 
Composition
Bio TankMMM Bio
Matchup
TvT
Race
Terran
Spawn Locations
Cross Positions
Add a new tag
Caveats
  • Supply blocks, unpowered buildings, or Contaminate may cause inaccurate times.
  • Supply counts are checked every 10 seconds.